AoeStats
← Launger

Arena

508442374Analyzed
4v4 RM · 11d ago on Sep 22, 2026· 32m 29s· 8 players
Game mode
Random Map
Map size
Large (8 player)
Population
200
Speed
Normal
Resources
Standard
Victory
Conquest
Starting age
Dark Age
Ending age
Imperial Age
RankedLock teamsTeams togetherTeam positionsShared explorationLock speedFull tech treeHidden civsTurbo modeCheats
Victory
Defeat
1168
+12
🇪🇪 Bulgarians · Estonia
1155
+13
🇵🇱 Burgundians · Poland
1146
+13
🇨🇳 Bengalis · China
1046
+19
🇹🇼 Byzantines · Taiwan
1144
-16
🇨🇳 Franks · China
1120
-15
🇨🇳 Spanish · China
1078
-14
🇹🇼 Italians · Taiwan
989
-10
省委高育良
9:57 Feudal Age
14:00 Castle Age
12:47 Horse Collar
24:34 Gold Mining
24:36 Stone Mining
26:00 Husbandry
26:10 Bloodlines
26:05 Husbandry
26:14 Heavy Plow
26:39 Double-Bit Axe
27:51 Stone Shaft Mining
28:15 Bow Saw
32:48 Imperial Age
30:54 Wheelbarrow
32:10 Forging
32:05 Scale Barding Armor
32:39 Bloodlines
ZedongMao
The Erion
市委书记李达康
9:56 Feudal Age
14:26 Castle Age
12:40 Double-Bit Axe
15:46 Bow Saw
22:15 Gold Mining
23:36 Squires
23:45 Loom
23:51 Man-at-Arms
24:42 Long Swordsman
26:12 Pikeman
Launger
10:26 Feudal Age
11:20 Double-Bit Axe
15:03 Castle Age
13:01 Loom
13:50 Bow Saw
17:03 Husbandry
17:17 Forging
17:12 Scale Barding Armor
18:48 Loom
21:56 Cavalier
25:29 Chain Barding Armor
26:03 Gold Mining
27:50 Gold Shaft Mining
33:22 Iron Casting
NomeL™
10:23 Feudal Age
11:07 Double-Bit Axe
11:03 Horse Collar
16:57 Castle Age
15:04 Loom
16:12 Scale Mail Armor
17:21 Pikeman
18:20 Chain Mail Armor
18:22 Bow Saw
19:34 Squires
19:35 Stone Mining
20:21 Forging
21:10 Gambesons
22:21 Gold Mining
23:08 Stone Shaft Mining
25:30 Heavy Plow
26:09 Iron Casting
27:13 Fletching
27:58 Town Watch
29:39 Wheelbarrow
31:35 Scale Barding Armor
32:36 Chain Barding Armor
叽里咕噜说啥呢
笨狸特能睡
Connection lost

Rejoining the realm…

Still unreachable

The connection could not be restored.

Session expired

The server has moved on; the page needs a fresh start.